 Dungeon Crawl Stone Soup version 0.31-a0-177-g4aa6249778 (webtiles) character file.

Game seed: 11204353346267154476

23 qw the Shield-Bearer (level 2, -1/19 HPs)
             Began as a Gargoyle Fighter on June 17, 2023.
             Slain by a gnoll
             ... wielding a +0 club
              (5 damage)
             ... on level 2 of the Dungeon.
             The game lasted 00:00:25 (1116 turns).

qw the Shield-Bearer (Gargoyle Fighter)             Turns: 1116, Time: 00:00:25

Health: -1/19      AC:  9    Str: 19    XL:     2   Next: 95%
Magic:  2/2        EV:  9    Int:  8    God:
Gold:   40         SH:  4    Dex:  9    Spells: 1/1 levels left

rFire   . . .        Y - +0 war axe
rCold   . . .        c - +0 buckler
rNeg    + . .        b - +0 scale mail
rPois   inf          (no helmet)
rElec   +            (no cloak)
rCorr   .            (no gloves)
SInv    .            (no boots)
Will    .....        (no amulet) Stlth
                     (no ring)
HPRegen 0.23/turn    (no ring)
MPRegen 0.08/turn

%: no passive effects
@: no status effects
A: sickness immunity, AC +2, negative energy resistance 1, electricity
resistance, torment resistance 1, petrification resistance
a: no special abilities


You were on level 2 of the Dungeon.
You visited 1 branch of the dungeon, and saw 2 of its levels.

You collected 40 gold pieces.


Innate Abilities, Weirdness & Mutations

You are immune to sickness and miasma.
Your stone body is resilient. (AC +2)
You are immune to poison.
You resist negative energy. (rN+)
You are resistant to electric shocks. (rElec)
You are resistant to unholy torment.
You are immune to petrification.


   Skills:
 - Level 3.2 Fighting
 + Level 3.0 Axes
 - Level 3.2 Armour
 - Level 3.2 Shields


You had one spell level left.
You didn't know any spells.
Your spell library was empty.

Inventory:

Hand Weapons
 g - a +0 mace
 Y - a +0 war axe (weapon)
Armour
 b - a +0 scale mail (worn)
 c - a +0 buckler (worn)
Potions
 a - a potion of heal wounds {unknown}
 d - a potion of might
 e - a potion of enlightenment {unknown}

Dungeon Overview and Level Annotations

Branches:
Dungeon (2/15)

Altars:


Message History

The gnoll shouts!
You hear a shout!
A gnoll comes into view. It is wielding a +0 club.
The gnoll moves out of view.
A gnoll comes into view.
It is wielding a +2 flail of holy wrath.
Enter note:
Enter note:
Enter note: The gnoll shouts! x2; You hear a shout!
A gnoll comes into view. It is wielding a +0 spear.
Enter note:
Enter note:
Enter note: A goblin comes into view. It is wielding a +0 dagger.
Enter note:
Enter note:
Enter note: You hit the gnoll.
The gnoll is moderately wounded.
The gnoll misses you.
You barely miss the gnoll.
The gnoll is moderately wounded.
You barely miss the gnoll. The gnoll closely misses you.
The gnoll barely misses you.
You barely miss the gnoll.
The gnoll is moderately wounded.
You hit the gnoll. You barely miss the gnoll.
The gnoll hits you but does no damage. The gnoll hits you with a +0 flail.
The gnoll hits you but does no damage. x2; The gnoll barely misses you. x2
The gnoll hits you but does no damage. x2
You closely miss the gnoll.
The gnoll is moderately wounded.
You barely miss the gnoll. You closely miss the gnoll.
The gnoll hits you with a +0 club.
The gnoll hits you from afar with a +0 spear!
You block the gnoll's attack. The gnoll barely misses you.
You hit the gnoll.
The gnoll is severely wounded.
You barely miss the gnoll. You hit the gnoll.
The gnoll hits you with a +0 flail. The gnoll hits you with a +0 club.
You die...

########### ######### .
#.........# #........
..#.........####ggg.....
................@gg>....
#.........########)###
#.........#
..####..##### ........#
...###.#### ...##.....#
.<.##.....# ..........#


You could see 4 gnolls and a goblin.

Vanquished Creatures
  2 bats
  2 endoplasms (D:1)
  A giant cockroach (D:1)
  5 hobgoblins (D:1)
  3 kobolds (D:1)
  A quokka (D:1)
  A ball python (D:2)
  A frilled lizard (D:1)
  4 rats (D:1)
20 creatures vanquished.

Notes
Turn   | Place    | Note
-------+----------+-------------------------------------------
     0 | D:1      | qw the Gargoyle Fighter began the quest for the Orb.
     0 | D:1      | Reached XP level 1. HP: 14/14 MP: 1/1
     0 | D:1      | 0 ||| qw: Version: 0.3-a-5-g6f28e65
     0 | D:1      | 0 ||| qw: Game counter: 503
     0 | D:1      | 0 ||| qw: Always use a shield: true
     0 | D:1      | 0 ||| qw: God list: Okawaru
     0 | D:1      | 0 ||| qw: Allow faded altars: false
     0 | D:1      | 0 ||| qw: Do Orc after D:15 true
     0 | D:1      | 0 ||| qw: Do second Lair branch before Depths: true
     0 | D:1      | 0 ||| qw: Lair rune preference: random
     0 | D:1      | 0 ||| qw: Plans: Normal, Zot:1-4, Slime:5, God:TSO, Crypt,
                  | Tomb, Abyss, Pan, Hells, Win
     0 | D:1      | 0 ||| PLANNING D:1-11
   133 | D:1      | HP: 3/14 [quokka (2)]
   214 | D:1      | 214 ||| Stepping ~*~*~tactically~*~*~ (hiding).
   215 | D:1      | 215 ||| Stepping ~*~*~tactically~*~*~ (hiding).
   254 | D:1      | Reached XP level 2. HP: 18/19 MP: 2/2
   326 | D:1      | 326 ||| Stepping ~*~*~tactically~*~*~ (hiding).
   327 | D:1      | 327 ||| Stepping ~*~*~tactically~*~*~ (hiding).
   328 | D:1      | 328 ||| Stepping ~*~*~tactically~*~*~ (hiding).
   921 | D:1      | Reached skill level 3 in Axes
  1021 | D:1      | 1021 ||| READING scroll labelled TUSADW AWKERPHO.
  1025 | D:1      | 1025 ||| READING scroll labelled ASKOYLE KEONOM.
  1026 | D:1      | 1026 ||| READING scroll labelled PILOOM VYSUXTE.
  1027 | D:1      | 1027 ||| READING scroll labelled DOGIDA NEIM.
  1116 | D:2      | HP: 4/19 [gnoll/+0 flail (1)]
  1116 | D:2      | Slain by a gnoll

Levels and vault maps discovered:
D:1:      psy_arrival_spokes, layout_loops_corners, serial_forest,
          infiniplex_forest_clump_medium, infiniplex_forest_straight_2,
          infiniplex_forest_clump_tiny, infiniplex_forest_end_2,
          infiniplex_forest_lined_3, infiniplex_forest_lined_corner,
          infiniplex_forest_diagonal, kennysheep_doodads
D:2:      layout_rooms, minmay_pentomino_z2, uniq_robin

Skill      XL: |  1  2 |
---------------+-------+-----
Axes           | 2 3 |  3.0
Fighting       | |  3.2
Armour         | |  3.2
Shields        | |  3.2

Action                     || total
---------------------------++-------
  Melee: War axe           ||    56
    Use: Scroll            ||     4
 Armour: Scale mail        ||    29
  Dodge: Dodged            ||    16
  Block: Buckler           ||     8

Table legend:
 A = Non-vault XP
 B = Vault XP
 C = Vault XP percentage of total XP
 D = Non-vault monster count
 E = Vault monster count
 F = Vault count percentage of total count
                 A         B        C        D         E       F
            +---------+---------+-------+---------+---------+-------
      Total |      33 |       0 |   0.0 |      20 |       0 |   0.0
            +---------+---------+-------+---------+---------+-------
        D:1 |      31 |       0 |   0.0 |      18 |       0 |   0.0
        D:2 |       2 |       0 |   0.0 |       2 |       0 |   0.0
            +---------+---------+-------+---------+---------+-------
